| TOP OF THE 1ST |
|
Texas (APP) Rangers batting - Pitching for Great Falls Voyagers : RHP Juan Reyes
|
|
Pitching: RHP Juan Reyes
|
|
|
Batting: SHB Tim Rogers
|
0-0: SINGLE (Groundball, 4MS, EV 71.9 MPH) (infield hit)
|
|
Batting: RHB Ron Squires
|
0-0: Called Strike Tim Rogers is caught stealing 2nd base 2-4 0-1: Ground out 6-3 (Groundball, 6M, EV 91.2 MPH)
|
|
Batting: RHB Luis Reyna
|
0-0: Foul Ball, location: 2F 0-1: Called Strike 0-2: Ball 1-2: Ball 2-2: Foul Ball, location: 2F 2-2: SINGLE (Groundball, 34D, EV 95.6 MPH)
|
|
Batting: RHB Jerry Foster
|
0-0: Ball 1-0: Ball 2-0: Called Strike 2-1: Ball 3-1: Base on Balls Luis Reyna to second
|
|
Batting: RHB Nick Solberg
|
0-0: Ball 1-0: Ball 2-0: Called Strike 2-1: Ground out 6-3 (Groundball, 6M, EV 106.9 MPH)
|
| Top of the 1st over - 0 runs, 2 hits, 0 errors, 2 left on base; Texas (APP) 0 - Great Falls 0 |
| BOTTOM OF THE 1ST |
|
Great Falls Voyagers batting - Pitching for Texas (APP) Rangers : LHP Jose Cepero
|
|
Pitching: LHP Jose Cepero
|
|
|
Batting: RHB Andy Cotton
|
0-0: Foul Ball, location: 2F 0-1: Fly out, F9 (Flyball, 9LM, EV 93.1 MPH)
|
|
Batting: RHB Russ Cornett
|
0-0: Ball 1-0: Ball 2-0: Ball 3-0: Base on Balls
|
|
Batting: SHB Rob Haney
|
0-0: Ball 1-0: Called Strike 1-1: Called Strike 1-2: Strikes out swinging
|
|
Batting: RHB Billy Grubbs
|
0-0: Fielders Choice at 2nd, 5-4 (Groundball, 56, EV 90.6 MPH)
|
| Bottom of the 1st over - 0 runs, 0 hits, 0 errors, 1 left on base; Texas (APP) 0 - Great Falls 0 |
| TOP OF THE 2ND |
|
Texas (APP) Rangers batting - Pitching for Great Falls Voyagers : RHP Juan Reyes
|
|
Batting: RHB Elias Sagrero
|
0-0: Reached on error, E6 (Groundball, 6MS, EV 80.6 MPH)
|
|
Batting: LHB Jose Cepero
|
0-0: Sac Bunt to 5S - play at first, batter OUT! 5-4 Elias Sagrero to third
|
|
Batting: LHB Santino Pisanello
|
0-0: Ball 1-0: Called Strike 1-1: Fly out, F7 (Flyball, 7, EV 85.6 MPH)
|
|
Batting: SHB Albert Ortiz
|
0-0: Ball 1-0: Foul Ball, location: 2F 1-1: SINGLE (Flyball, 78S, EV 99.4 MPH) Elias Sagrero scores
|
|
Batting: SHB Tim Rogers
|
0-0: Ball 1-0: Ground out 5-3 (Groundball, 5S, EV 62.5 MPH)
|
| Top of the 2nd over - 1 run, 1 hit, 1 error, 1 left on base; Texas (APP) 1 - Great Falls 0 |
| BOTTOM OF THE 2ND |
|
Great Falls Voyagers batting - Pitching for Texas (APP) Rangers : LHP Jose Cepero
|
|
Batting: RHB Mitch Cuadros
|
0-0: Ball 1-0: Called Strike 1-1: Fly out, F3 (Popup, 3SF, EV 75.6 MPH)
|
|
Batting: RHB Tommy Ellington
|
0-0: Called Strike 0-1: Ball 1-1: Ball 2-1: Fly out, F9 (Line Drive, 9, EV 100.0 MPH)
|
|
Batting: RHB David Laureano
|
0-0: Called Strike 0-1: Swinging Strike 0-2: Ball 1-2: Ball 2-2: Ground out 5-3 (Groundball, 56S, EV 85.0 MPH)
|
| Bottom of the 2nd over - 0 runs, 0 hits, 0 errors, 0 left on base; Texas (APP) 1 - Great Falls 0 |
| TOP OF THE 3RD |
|
Texas (APP) Rangers batting - Pitching for Great Falls Voyagers : RHP Juan Reyes
|
|
Batting: RHB Ron Squires
|
0-0: Called Strike 0-1: Ball 1-1: Ball 2-1: Ball 3-1: Base on Balls
|
|
Batting: RHB Luis Reyna
|
0-0: Ball Ron Squires steals 2nd base (no throw) 1-0: Ball 2-0: Foul Ball, location: 2F 2-1: Ball 3-1: Ground out 4-3 (Groundball, 34, EV 76.9 MPH) Ron Squires to third
|
|
Batting: RHB Jerry Foster
|
0-0: Ball 1-0: Called Strike 1-1: Ground out 6-3 (Groundball, P, EV 85.6 MPH) Ron Squires scores
|
|
Batting: RHB Nick Solberg
|
0-0: Ball 1-0: Ball 2-0: SINGLE (Line Drive, 78S, EV 93.1 MPH)
|
|
Batting: RHB Elias Sagrero
|
0-0: Called Strike 0-1: Called Strike 0-2: Strikes out swinging
|
| Top of the 3rd over - 1 run, 1 hit, 0 errors, 1 left on base; Texas (APP) 2 - Great Falls 0 |
| BOTTOM OF THE 3RD |
|
Great Falls Voyagers batting - Pitching for Texas (APP) Rangers : LHP Jose Cepero
|
|
Batting: RHB Francisco Marin
|
0-0: Called Strike 0-1: Ball 1-1: Ball 2-1: Called Strike 2-2: Foul Ball, location: 2F 2-2: Foul Ball, location: 2F 2-2: Ball 3-2: Ground out 5-3 (Groundball, 56S, EV 71.9 MPH)
|
|
Batting: LHB Jose Pereyra
|
0-0: Called Strike 0-1: Called Strike 0-2: Ball 1-2: Ball 2-2: Strikes out looking
|
|
Batting: RHB Andy Cotton
|
0-0: Ball 1-0: Ground out 4-3 (Groundball, 4, EV 81.2 MPH)
|
| Bottom of the 3rd over - 0 runs, 0 hits, 0 errors, 0 left on base; Texas (APP) 2 - Great Falls 0 |
| TOP OF THE 4TH |
|
Texas (APP) Rangers batting - Pitching for Great Falls Voyagers : RHP Juan Reyes
|
|
Batting: LHB Jose Cepero
|
0-0: Ball 1-0: Ground out 1-3 (Groundball, 15S, EV 67.5 MPH)
|
|
Batting: LHB Santino Pisanello
|
0-0: Swinging Strike 0-1: Called Strike 0-2: Ball 1-2: Foul Ball, location: 2F 1-2: Foul Ball, location: 2F 1-2: Strikes out swinging, 2-3 out at first.
|
|
Batting: SHB Albert Ortiz
|
0-0: Ball 1-0: Foul Ball, location: 2F 1-1: Ball 2-1: Foul Ball, location: 2F 2-2: Strikes out swinging
|
| Top of the 4th over - 0 runs, 0 hits, 0 errors, 0 left on base; Texas (APP) 2 - Great Falls 0 |
| BOTTOM OF THE 4TH |
|
Great Falls Voyagers batting - Pitching for Texas (APP) Rangers : LHP Jose Cepero
|
|
Batting: RHB Russ Cornett
|
0-0: Ball 1-0: Ball 2-0: Called Strike 2-1: Fly out, F7 (Flyball, 78D, EV 81.2 MPH)
|
|
Batting: SHB Rob Haney
|
0-0: Ground out 5-3 (Groundball, 5S, EV 86.2 MPH)
|
|
Batting: RHB Billy Grubbs
|
0-0: Ball 1-0: Called Strike 1-1: Ball 2-1: Foul Ball, location: 2F 2-2: Ball 3-2: Base on Balls
|
|
Batting: RHB Mitch Cuadros
|
0-0: Ball 1-0: Swinging Strike 1-1: Called Strike 1-2: Foul Ball, location: 2F 1-2: Foul Ball, location: 2F 1-2: Foul Ball, location: 2F 1-2: Ground out 4-3 (Groundball, 13, EV 80.6 MPH)
|
| Bottom of the 4th over - 0 runs, 0 hits, 0 errors, 1 left on base; Texas (APP) 2 - Great Falls 0 |
| TOP OF THE 5TH |
|
Texas (APP) Rangers batting - Pitching for Great Falls Voyagers : RHP Juan Reyes
|
|
Batting: SHB Tim Rogers
|
0-0: Called Strike 0-1: Ball 1-1: Called Strike 1-2: Foul Ball, location: 2F 1-2: Strikes out looking
|
|
Batting: RHB Ron Squires
|
0-0: Called Strike 0-1: Ball 1-1: Ground out 4-3 (Groundball, 4, EV 76.2 MPH)
|
|
Batting: RHB Luis Reyna
|
0-0: Ball 1-0: Ball 2-0: Swinging Strike 2-1: Foul Ball, location: 2F 2-2: Strikes out swinging
|
| Top of the 5th over - 0 runs, 0 hits, 0 errors, 0 left on base; Texas (APP) 2 - Great Falls 0 |
| BOTTOM OF THE 5TH |
|
Great Falls Voyagers batting - Pitching for Texas (APP) Rangers : LHP Jose Cepero
|
|
Batting: RHB Tommy Ellington
|
0-0: Ball 1-0: Swinging Strike 1-1: Ball 2-1: Called Strike 2-2: Ball 3-2: Ground out 6-3 (Groundball, 6, EV 103.1 MPH)
|
|
Batting: RHB David Laureano
|
0-0: Foul Ball, location: 2F 0-1: Ball 1-1: Ball 2-1: SINGLE (Groundball, 15S, EV 68.1 MPH) (infield hit)
|
|
Pinch Runner at 1st Jose Romo:
|
|
|
Batting: RHB Francisco Marin
|
0-0: Ball 1-0: Foul Ball, location: 2F 1-1: Ball 2-1: Called Strike 2-2: Strikes out swinging
|
|
Batting: LHB Jose Pereyra
|
0-0: Ball 1-0: Ball 2-0: Ball 3-0: Called Strike 3-1: Swinging Strike 3-2: Fly out, F8 (Flyball, 8LM, EV 83.8 MPH)
|
| Bottom of the 5th over - 0 runs, 1 hit, 0 errors, 1 left on base; Texas (APP) 2 - Great Falls 0 |
| TOP OF THE 6TH |
|
Texas (APP) Rangers batting - Pitching for Great Falls Voyagers : RHP Juan Reyes
|
|
Now at SS: Jose Romo
|
|
|
Batting: RHB Jerry Foster
|
0-0: Foul Ball, location: 2F 0-1: Ball 1-1: Ball 2-1: Ball 3-1: Foul Ball, location: 2F 3-2: Foul Ball, location: 2F 3-2: Ground out 6-3 (Groundball, 6MS, EV 82.5 MPH)
|
|
Pitching: LHP Juan Fuentes
|
|
|
Batting: RHB Nick Solberg
|
0-0: Called Strike 0-1: Foul Ball, location: 2F 0-2: Foul Ball, location: 2F 0-2: Ball 1-2: Ball 2-2: Ground out 6-3 (Groundball, 6, EV 100.6 MPH)
|
|
Batting: RHB Elias Sagrero
|
0-0: Ball 1-0: Foul Ball, location: 2F 1-1: Called Strike 1-2: Strikes out swinging
|
| Top of the 6th over - 0 runs, 0 hits, 0 errors, 0 left on base; Texas (APP) 2 - Great Falls 0 |
| BOTTOM OF THE 6TH |
|
Great Falls Voyagers batting - Pitching for Texas (APP) Rangers : LHP Jose Cepero
|
|
Batting: RHB Andy Cotton
|
0-0: Foul Ball, location: 2F 0-1: Ground out U3 (Groundball, 34, EV 81.2 MPH)
|
|
Batting: RHB Russ Cornett
|
0-0: Foul Ball, location: 2F 0-1: Ball 1-1: SINGLE (Flyball, 56D, EV 93.8 MPH)
|
|
Batting: SHB Rob Haney
|
0-0: Called Strike 0-1: Fielders Choice at 2nd, 3-6 (Groundball, 3, EV 80.0 MPH)
|
|
Batting: RHB Billy Grubbs
|
0-0: Ball 1-0: Swinging Strike 1-1: 2-RUN HOME RUN (Flyball, 7LD, EV 95.0 MPH), Distance : 358 ft
|
|
Batting: RHB Mitch Cuadros
|
0-0: Ball 1-0: Foul Ball, location: 2F 1-1: Foul Ball, location: 2F 1-2: Strikes out swinging
|
| Bottom of the 6th over - 2 runs, 2 hits, 0 errors, 0 left on base; Texas (APP) 2 - Great Falls 2 |
| TOP OF THE 7TH |
|
Texas (APP) Rangers batting - Pitching for Great Falls Voyagers : LHP Juan Fuentes
|
|
Pinch Hitting: LHB Eddie Reyes
|
0-0: Ball 1-0: Called Strike 1-1: Swinging Strike 1-2: Foul Ball, location: 2F 1-2: Fly out, F7 (Flyball, 78M, EV 93.8 MPH)
|
|
Batting: LHB Santino Pisanello
|
0-0: Swinging Strike 0-1: Ball 1-1: Ball 2-1: Ball 3-1: Called Strike 3-2: Base on Balls
|
|
Batting: SHB Albert Ortiz
|
0-0: Called Strike 0-1: Foul Ball, location: 2F 0-2: Strikes out swinging
|
|
Batting: SHB Tim Rogers
|
0-0: Ground out 4-3 (Groundball, 34, EV 80.6 MPH)
|
| Top of the 7th over - 0 runs, 0 hits, 0 errors, 1 left on base; Texas (APP) 2 - Great Falls 2 |
| BOTTOM OF THE 7TH |
|
Great Falls Voyagers batting - Pitching for Texas (APP) Rangers : LHP Jose Cepero
|
|
Pitching: RHP Seved Landgre
|
|
|
Batting: RHB Tommy Ellington
|
0-0: Swinging Strike 0-1: Ground out 5-3 (Groundball, 56, EV 86.2 MPH)
|
|
Batting: SHB Jose Romo
|
0-0: Foul Ball, location: 2F 0-1: Ball 1-1: Foul Ball, location: 2F 1-2: Strikes out looking
|
|
Batting: RHB Francisco Marin
|
0-0: Called Strike 0-1: Ball 1-1: Called Strike 1-2: Ball 2-2: Strikes out swinging
|
| Bottom of the 7th over - 0 runs, 0 hits, 0 errors, 0 left on base; Texas (APP) 2 - Great Falls 2 |
| TOP OF THE 8TH |
|
Texas (APP) Rangers batting - Pitching for Great Falls Voyagers : LHP Juan Fuentes
|
|
Batting: RHB Ron Squires
|
0-0: Fly out, F7 (Flyball, 7, EV 89.4 MPH)
|
|
Batting: RHB Luis Reyna
|
0-0: Ball 1-0: Ball 2-0: Called Strike 2-1: Ground out 6-3 (Groundball, 6, EV 104.4 MPH)
|
|
Batting: RHB Jerry Foster
|
0-0: Foul Ball, location: 2F 0-1: Ground out 5-3 (Groundball, 56, EV 93.1 MPH)
|
| Top of the 8th over - 0 runs, 0 hits, 0 errors, 0 left on base; Texas (APP) 2 - Great Falls 2 |
| BOTTOM OF THE 8TH |
|
Great Falls Voyagers batting - Pitching for Texas (APP) Rangers : RHP Seved Landgre
|
|
Batting: LHB Jose Pereyra
|
0-0: Ball 1-0: Ball 2-0: Ball 3-0: Called Strike 3-1: Ground out 4-3 (Groundball, 4, EV 88.8 MPH)
|
|
Batting: RHB Andy Cotton
|
0-0: Foul Ball, location: 2F 0-1: Swinging Strike 0-2: Ball 1-2: Ball 2-2: Ball 3-2: Fly out, F7 (Flyball, 7, EV 97.5 MPH)
|
|
Batting: RHB Russ Cornett
|
0-0: Called Strike 0-1: Foul Ball, location: 2F 0-2: Ball 1-2: Ground out 5-3 (Groundball, 5, EV 105.6 MPH)
|
| Bottom of the 8th over - 0 runs, 0 hits, 0 errors, 0 left on base; Texas (APP) 2 - Great Falls 2 |
| TOP OF THE 9TH |
|
Texas (APP) Rangers batting - Pitching for Great Falls Voyagers : LHP Juan Fuentes
|
|
Pitching: LHP Miguel Moreno
|
|
|
Batting: RHB Nick Solberg
|
0-0: Ball 1-0: Foul Ball, location: 2F 1-1: Called Strike 1-2: Ball 2-2: Ground out 1-3 (Groundball, P, EV 68.8 MPH)
|
|
Batting: RHB Elias Sagrero
|
0-0: SOLO HOME RUN (Flyball, 78XD, EV 105.0 MPH), Distance : 425 ft
|
|
Pinch Hitting: RHB Luis Solorzano
|
0-0: Ground out 6-3 (Groundball, 6, EV 99.4 MPH)
|
|
Batting: LHB Santino Pisanello
|
0-0: Swinging Strike 0-1: Swinging Strike 0-2: Strikes out looking
|
| Top of the 9th over - 1 run, 1 hit, 0 errors, 0 left on base; Texas (APP) 3 - Great Falls 2 |
| BOTTOM OF THE 9TH |
|
Great Falls Voyagers batting - Pitching for Texas (APP) Rangers : RHP Seved Landgre
|
|
Pitching: LHP Alex Boites
|
|
|
Batting: RHB Brad Adams Jr.
|
0-0: Ball 1-0: SOLO HOME RUN (Flyball, 7LD, EV 98.8 MPH), Distance : 381 ft
|
|
Batting: RHB Billy Grubbs
|
0-0: DOUBLE (Flyball, 89D, EV 91.9 MPH)
|
|
Batting: RHB Mitch Cuadros
|
0-0: Intentional Walk
|
|
Batting: RHB Tommy Ellington
|
0-0: Ball 1-0: Foul Ball, location: 2F 1-1: Swinging Strike 1-2: Ball 2-2: Strikes out swinging
|
|
Batting: SHB Jose Romo
|
0-0: Swinging Strike 0-1: Ball 1-1: SINGLE (Line Drive, 6D, EV 99.4 MPH) Billy Grubbs to third Mitch Cuadros to second
|
|
Batting: RHB Francisco Marin
|
0-0: Foul Ball, location: 2F 0-1: Swinging Strike 0-2: Foul Ball, location: 2F 0-2: Foul Ball, location: 2F 0-2: Ball 1-2: Ball 2-2: Fly out, F7 (Flyball, 78M, EV 90.6 MPH) Runner from 3rd tags up, SCORES, throw by LF
|
| Bottom of the 9th over - 2 runs, 3 hits, 0 errors, 2 left on base; Texas (APP) 3 - Great Falls 4 |
|